 Dungeon Crawl Stone Soup version 0.18.1-50-g88ac8fd (webtiles) character file.

968 magog001 the Shield-Bearer (level 7, -5/62 HPs)
             Began as a Minotaur Fighter on Aug 30, 2017.
             Was a Follower of Nemelex Xobeh.
             Killed from afar by Dowan (11 damage)
             ... with a stone arrow
             ... on level 5 of the Dungeon.
             The game lasted 00:21:38 (3970 turns).

magog001 the Shield-Bearer (Minotaur Fighter)       Turns: 3970, Time: 00:21:39

Health: -5/62      AC:  8    Str: 26    XL:     7   Next: 93%
Magic:  0/6        EV: 11    Int:  4    God:    Nemelex Xobeh [*.....]
Gold:   87         SH: 11    Dex:  9    Spells: 0 memorised, 6 levels left

rFire  + . .     SeeInvis .     n - +0 hand axe (venom)
rCold  x . .     Gourm    .     A - +0 leather armour (curse)
rNeg   . . .     Faith    .     c - +0 shield
rPois  .         Spirit   +     F - +1 hat
rElec  +         Dismiss  .     g - +0 cloak
rCorr  .         Reflect  .     q - +0 pair of gloves (curse)
SustAt +         Harm     .     i - +0 pair of boots
MR     .....                    B - amulet of guardian spirit
Stlth  +.........               f - ring of sustain attributes
                                z - ring of fire

@: not resistant to hostile enchantments, very unstealthy
A: retaliatory headbutt, horns 2, electricity resistance, strong 1
a: Renounce Religion


You were on level 5 of the Dungeon.
You worshipped Nemelex Xobeh.
Nemelex Xobeh was aware of your devotion.
You were not hungry.

You visited 1 branch of the dungeon, and saw 5 of its levels.

You collected 241 gold pieces.
You spent 154 gold pieces at shops.

Inventory:

Hand Weapons
 a - a +0 war axe
 k - a +0 hunting sling
 n - a +0 hand axe of venom (weapon)
 r - a +0 blowgun
Missiles
 e - 8 tomahawks (quivered)
 s - 205 stones
 v - 78 sling bullets
 y - 30 poisoned needles
Armour
 b - a +0 scale mail
 c - a +0 shield (worn)
 g - a +0 cloak (worn)
 i - a +0 pair of boots (worn)
 q - a cursed +0 pair of gloves (worn)
 A - a cursed +0 leather armour (worn)
 F - a +1 hat (worn)
Jewellery
 f - a ring of sustain attributes (right hand)
 z - a ring of fire (left hand)
 B - an amulet of guardian spirit (around neck)
 G - a +5 ring of protection {unknown}
Scrolls
 p - a scroll of recharging
 u - a scroll of identify
 K - a scroll of noise
Potions
 d - a potion of might
 j - a potion of ambrosia
 l - 3 potions of curing
 C - 2 potions of cure mutation
 E - a potion of cancellation
 H - a potion of berserk rage {unknown}
 I - a potion of flight
Miscellaneous
 D - a plain deck of destruction
 J - a plain deck of wonders {drawn: 1}
Comestibles
 h - 2 beef jerkies
 m - 2 slices of pizza
 o - a meat ration
 t - 2 bread rations
 w - 3 fruits
 x - a chunk of flesh


   Skills:
 * Level 5.9 Fighting
 + Level 3.5 Axes
 * Level 2.2 Throwing
 * Level 6.3 Armour
 + Level 3.8 Dodging
 + Level 0.8 Stealth
 * Level 6.6 Shields


You had 6 spell levels left.
You didn't know any spells.

Dungeon Overview and Level Annotations

Branches:
Dungeon (5/15)
 Temple: D:4-7

Altars:
Kikubaaqudgha
Nemelex Xobeh
Okawaru
Sif Muna

Shops:
D:4 }

Annotations:
D:5 Dowan, Eustachio


Innate Abilities, Weirdness & Mutations

You reflexively headbutt those who attack you in melee.
You have a pair of horns on your head.
You are resistant to electric shocks.
Your muscles are strong. (Str +2)


Message History

Dowan is severely wounded.
You hit the iron imp but do no damage.
The iron imp is severely wounded.
Dowan casts a spell at you. The stone arrow hits you!
Eustachio utters an oath, "I will die for my friends!"
You block the iron imp's attack. Dowan hits you but does no damage.
Evoke which item? (* to show all) (? for menu, Esc to quit)
You draw a card...
It is Focus.
You feel stronger.
You feel stupid.
Dowan points at you and mumbles some strange words.
The shard of ice hits you!
You feel a painful chill!
* * * LOW HITPOINT WARNING * * *
The iron imp shouts, "Admit defeat, thou foisting two-tin-hat jarkman!"
You block the iron imp's attack. Dowan gestures at you while chanting.
The stone arrow hits you!
You die...
Your body glows slightly and disappears.

### #<# #.# #.# #e#
#@# #5# ###########
#5# #..........
#@#####.@........
#>....'.?.......?
#.................
.....##+##...........
...### ####........
.# ###......


You could see Eustachio, Dowan, an iron imp and a white imp.

Vanquished Creatures
  The ghost of Monsterracer the Charlatan, an amateur KoAr (D:3)
  Duvessa (D:5)
  A sky beast (D:5)
  A centaur (D:5)
  2 hounds (D:4)
  A giant frog skeleton (D:4)
  An orc priest (D:3)
  2 orc wizards
  Jessica (D:2)
  2 iguanas
  Natasha (thrice) (D:4)
  4 gnolls (D:4)
  10 adders
  An ooze (D:2)
  A worm (D:3)
  2 dart slugs (D:4)
  A giant gecko (D:3)
  18 orcs
  2 ball pythons
  7 giant cockroaches
  9 goblins
  10 hobgoblins
  4 jackals (D:4)
  3 quokkas
  10 bats
  5 giant newts
  8 kobolds
  6 rats
117 creatures vanquished.

Notes
Turn   | Place    | Note
--------------------------------------------------------------
     0 | D:1      | magog001 the Minotaur Fighter began the quest for the Orb.
     0 | D:1      | Reached XP level 1. HP: 19/19 MP: 0/0
    55 | D:1      | Reached XP level 2. HP: 25/27 MP: 1/1
   595 | D:2      | Found a deep blue altar of Sif Muna.
   614 | D:2      | Reached XP level 3. HP: 34/34 MP: 2/2
   656 | D:2      | Noticed Jessica
   663 | D:2      | Killed Jessica
   663 | D:2      | Reached skill level 1 in Dodging
   663 | D:2      | Reached XP level 4. HP: 31/41 MP: 3/3
  1389 | D:3      | Noticed Monsterracer's ghost (amateur KoAr)
  1412 | D:3      | Reached XP level 5. HP: 31/47 MP: 4/4
  1429 | D:3      | Found a sparkling altar of Nemelex Xobeh.
  1475 | D:3      | Killed Monsterracer's ghost
  1475 | D:3      | Reached skill level 5 in Armour
  1475 | D:3      | Reached skill level 5 in Shields
  1475 | D:3      | Reached XP level 6. HP: 33/53 MP: 5/5
  1622 | D:3      | Became a worshipper of Nemelex Xobeh the Trickster
  2021 | D:3      | Found an iron altar of Okawaru.
  2081 | D:3      | Received a gift from Nemelex Xobeh
  2927 | D:4      | Reached skill level 5 in Fighting
  2941 | D:4      | Reached * piety under Nemelex Xobeh
  3058 | D:4      | Reached skill level 1 in Throwing
  3213 | D:4      | Reached XP level 7. HP: 42/61 MP: 3/6
  3217 | D:4      | Found Kyerchigh's Gadget Shoppe.
  3268 | D:4      | Noticed Natasha
  3278 | D:4      | Killed Natasha
  3363 | D:4      | Bought a plain deck of wonders for 154 gold pieces
  3599 | D:4      | Noticed Natasha
  3607 | D:4      | Killed Natasha
  3615 | D:4      | Noticed Natasha
  3621 | D:4      | Killed Natasha
  3641 | D:5      | Entered Level 5 of the Dungeon
  3658 | D:5      | Gained mutation: Your muscles are strong. (Str +2) [potion of beneficial mutation]
  3659 | D:5      | Gained mutation: You are resistant to electric shocks. [potion of beneficial mutation]
  3684 | D:5      | Found an ancient bone altar of Kikubaaqudgha.
  3933 | D:5      | Noticed Dowan
  3940 | D:5      | Noticed Duvessa
  3940 | D:5      | Noticed Eustachio
  3966 | D:5      | Killed Duvessa
  3970 | D:5      | Drew Focus: Str increased to 24, Int decreased to 4
  3970 | D:5      | Killed from afar by Dowan

Skill      XL: |  1  2  3  4  5  6  7 |
---------------+----------------------+-----
Fighting       | 4 5 |  5.9
Armour         | 4 5 6 |  6.3
Shields        | 4 5 6 |  6.6
Dodging        | 1 2 3 |  3.8
Axes           | 3 |  3.5
Throwing       | 1 2 |  2.2
Stealth        | |  0.8

Action                   |  1- 3 |  4- 6 |  7- 9 || total
-------------------------+-------+-------+-------++-------
Melee: War axe           |    72 |   149 |       ||   221
       Headbutt          |     8 |    30 |    15 ||    53
       Hand axe          |       |    33 |    71 ||   104
Throw: Tomahawk          |     8 |     1 |       ||     9
Evoke: Deck              |       |       |     1 ||     1
  Use: Scroll            |       |     7 |     3 ||    10
       Potion            |       |     7 |     2 ||     9
  Eat: Chunk             |       |     6 |       ||     6
       Bread ration      |       |     1 |       ||     1
Armor: Scale mail        |    38 |    75 |       ||   113
       Leather armour    |       |    16 |    21 ||    37
Dodge: Dodged            |    26 |    72 |    23 ||   121
Block: Shield            |    48 |   117 |    29 ||   194
